 Dungeon Crawl Stone Soup version 0.30-a0-879-ga8ba668304 (webtiles) character file.

Game seed: 7045132856077769037

1786 cforsyth the Cleaver (level 9, -7/64 HPs)
             Began as a Barachi Fighter on Mar 13, 2023.
             Killed from afar by a steam dragon (14 damage)
             ... with a ball of steam
             ... on level 7 of the Dungeon.
             The game lasted 00:12:32 (7058 turns).

cforsyth the Cleaver (Barachi Fighter)              Turns: 7058, Time: 00:12:32

Health: -7/64      AC: 13    Str: 22 (23) XL:     9   Next: 8%
Magic:  9/9        EV:  6    Int:  8      God:
Gold:   311        SH:  4    Dex: 11      Spells: 8/8 levels left

rFire   . . .      SeeInvis .    a - +0 war axe
rCold   . . .      Faith    .    c - +0 buckler
rNeg    . . .      Spirit   .    h - +0 plate armour
rPois   .          Reflect  .    x - +0 helmet
rElec   .          Rampage  .    D - +0 cloak
rCorr   .                        (no gloves)
Will    .....                    (no boots) Stlth
                                 (no amulet)
HPRegen 0.30/turn                (no ring)
MPRegen 0.11/turn                (no ring)

@: slow
A: amphibious, slowness 1, strong legs 1, +LOS, deterioration 1
a: Hop


You were on level 7 of the Dungeon.
You visited 1 branch of the dungeon, and saw 7 of its levels.

You collected 311 gold pieces.

Inventory:

Hand Weapons
 a - a +0 war axe (weapon)
 v - a +0 broad axe
Missiles
 C - a throwing net
Armour
 b - a +0 scale mail
 c - a +0 buckler (worn)
 h - a +0 plate armour (worn)
 x - a +0 helmet (worn)
 D - a +0 cloak (worn)
Jewellery
 n - an amulet of regeneration
 A - a +6 ring of strength
Wands
 y - a wand of digging (4)
Scrolls
 e - 2 scrolls of identify
 f - 3 scrolls of teleportation {unknown}
 g - 2 scrolls of fear {unknown}
 i - 2 scrolls of vulnerability {unknown}
 k - 3 scrolls of noise {unknown}
 l - 2 scrolls of magic mapping {unknown}
 m - 3 scrolls of enchant weapon {unknown}
 o - a scroll of blinking
 p - 4 scrolls of immolation {unknown}
 s - 2 scrolls of enchant armour {unknown}
 z - a scroll of fog
 B - a scroll of acquirement
Potions
 d - 2 potions of might
 j - a potion of heal wounds
 q - 3 potions of curing
 r - 3 potions of mutation
 t - a potion of ambrosia
 u - a potion of attraction
 w - 2 potions of invisibility


   Skills:
 - Level 3.6 Fighting
 + Level 12.5 Axes
 - Level 3.6 Armour
 - Level 3.2 Shields


You had 8 spell levels left.
You didn't know any spells.
Your spell library contained the following spells:

 Spells                   Type           Power      Damage    Failure   Level
 Magic Dart               Conj           0%         1d3       100%        1
 Lesser Beckoning         Tloc           0%         N/A       100%        2
 Searing Ray              Conj           0%         2d4       100%        2
 Gell's Gravitas          Tloc           0%         N/A       100%        3
 Inner Flame              Hex/Fire       0%         N/A       100%        3
 Teleport Other           Tloc           0%         N/A       100%        3
 Flame Wave               Conj/Fire      0%         2d4       100%        4
 Fulminant Prism          Conj/Hex       0%         3d5       100%        4
 Sticky Flame             Conj/Fire      0%         2d3       100%        4


Dungeon Overview and Level Annotations

Branches:
Dungeon (7/15)
 Temple: D:4-7

Altars:
Wu Jian

Annotations:
D:6 1 runed translucent door, ZoeForever1's ghost, novice DsRe


Innate Abilities, Weirdness & Mutations

You are amphibious.
You cover ground slowly.
You can hop short distances.
You have an extended range of vision and can be seen from far away.
Your body sometimes deteriorates upon taking damage.


Message History

The sky beast attacks as you move away!
The sky beast hits you but does no damage.
The steam dragon barely misses you.
The steam dragon claws you but does no damage.
You slash the steam dragon!
The steam dragon is severely wounded.
You hit the sky beast. You block the steam dragon's attack.
The steam dragon claws you but does no damage.
The sky beast is engulfed in a cloud of scalding steam.
The sky beast barely misses you.
You closely miss the steam dragon.
The steam dragon is severely wounded.
You hit the sky beast. The steam dragon breathes steam at you.
The ball of steam misses you.
The sky beast is engulfed in a cloud of scalding steam.
The sky beast barely misses you.
Unknown command.
Found a stone staircase leading down.
The steam dragon bites you.
The steam dragon claws you but does no damage.
The sky beast is engulfed in a cloud of scalding steam.
You barely miss the steam dragon.
The steam dragon is severely wounded.
You hit the sky beast.
You are engulfed in a cloud of scalding steam.
The steam dragon bites you.
The steam dragon claws you but does no damage.
The sky beast is engulfed in a cloud of scalding steam.
The sky beast dies!
You feel your dexterity returning.
You hit the steam dragon.
The steam dragon is almost dead.
The steam dragon breathes steam at you. The ball of steam hits you!!
* * * LOW HITPOINT WARNING * * *
Your body deteriorates!
You feel weakened.
Found a smoky coppery potion.
The steam dragon breathes steam at you. The ball of steam hits you!
You die...

######## #.....<#
#......# #......#
#§.....# #......#
#......###..)...#
#§.§...##.......#
##...§§§.§.$$....#
##....§§§.#.......#
#...#§§~§§§§...####
#§≈≈@§D≈§#......
....~≈§..#)≈§§.......
.#..~≈.!#/$.≈≈~#.....
#..~≈..###..≈~.......
#>..~≈≈. #..≈~.......
#...#~~≈ ..§≈§.......
##...§§≈ ≈≈≈§#..##.#
##...#§ ~~§#...#
##..!. ..... ##


You could see a steam dragon (catching breath).

Vanquished Creatures
  Sigmund (D:3)
  A steam dragon (D:6)
  Menkaure (D:4)
  2 sky beasts (D:6)
  An ogre (D:4)
  An ice beast (D:7)
  2 phantoms
  3 scorpions
  A gnoll bouda (D:5)
  A jelly (D:5)
  2 hounds
  2 orc priests
  A sleepcap (D:4)
  An orc wizard (D:6)
  Terence (D:3)
  2 iguanas (D:4)
  16 gnolls
  9 adders
  A shadow imp (D:5)
  An ufetubus (D:5)
  A worm (D:4)
  2 dart slugs
  10 orcs
  4 ball pythons
  6 endoplasms
  A giant cockroach (D:1)
  7 goblins
  2 hobgoblins
  3 jackals (D:5)
  3 kobolds
  2 quokkas
  6 bats
  2 frilled lizards (D:3)
  A rat (D:2)
100 creatures vanquished.

Vanquished Creatures (others)
  A sky beast (D:7)
  2 withered plants (D:6)
3 creatures vanquished.

Grand Total: 103 creatures vanquished

Notes
Turn   | Place    | Note
-------+----------+-------------------------------------------
     0 | D:1      | cforsyth the Barachi Fighter began the quest for the Orb.
     0 | D:1      | Reached XP level 1. HP: 18/18 MP: 1/1
    54 | D:1      | Found a faded altar of an unknown god.
   135 | D:1      | Reached skill level 3 in Axes
   135 | D:1      | Reached XP level 2. HP: 24/24 MP: 2/2
   870 | D:2      | Reached XP level 3. HP: 29/29 MP: 3/3
  1032 | D:2      | Found an ornate altar of the Wu Jian Council.
  1378 | D:3      | Reached skill level 4 in Axes
  1383 | D:3      | Reached XP level 4. HP: 29/36 MP: 4/4
  1833 | D:3      | Noticed Terence
  1846 | D:3      | Killed Terence
  1847 | D:3      | Reached skill level 5 in Axes
  1944 | D:3      | Noticed Sigmund
  1999 | D:3      | Killed Sigmund
  2000 | D:3      | Reached skill level 6 in Axes
  2000 | D:3      | Reached XP level 5. HP: 27/41 MP: 5/5
  2000 | D:3      | Reached XP level 6. HP: 31/47 MP: 6/6
  2217 | D:4      | Reached skill level 7 in Axes
  2772 | D:4      | Reached skill level 8 in Axes
  2772 | D:4      | Reached XP level 7. HP: 44/52 MP: 7/7
  2937 | D:4      | You fall into a shaft and drop 2 floors!
  2942 | D:5      | Entered Level 5 of the Dungeon
  3541 | D:5      | Reached skill level 9 in Axes
  4206 | D:4      | Noticed Menkaure
  4216 | D:4      | Gained mutation: Your body sometimes deteriorates upon
                  | taking damage. [potion of mutation]
  4221 | D:4      | Killed Menkaure
  4222 | D:4      | Reached skill level 10 in Axes
  4222 | D:4      | Reached XP level 8. HP: 24/59 MP: 8/8
  5507 | D:5      | Reached skill level 11 in Axes
  5945 | D:6      | Found a runed translucent door.
  5945 | D:6      | Noticed ZoeForever1's ghost (novice DsRe)
  6248 | D:7      | Identified a scroll of acquirement
  6508 | D:6      | Reached skill level 12 in Axes
  6747 | D:7      | Reached XP level 9. HP: 49/64 MP: 9/9
  7058 | D:7      | Killed from afar by a steam dragon

Illustrated notes

Levels and vault maps discovered:
D:1:      co_arrival_two_rings, layout_rooms,
          shapermc_ecumenical_altar_mp_vishouse, minmay_tromino_v4_c
D:2:      wander_river, layout_loops_corners, basic_altar
D:3:      layout_basic, kennysheep_generic_room_13, uniq_terence, uniq_sigmund
D:4:      layout_cave_pods, uniq_menkaure
D:5:      layout_basic, grunt_ministairs_6
D:6:      layout_basic, minmay_temple_entry_from_below_a, gammafunk_ghost_grave
D:7:      layout_rooms, grunt_nemelex_the_gamble,
          grunt_dithmenos_smoke_and_mirrors, hangedman_misty_isle

Skill      XL: |  1  2  3  4  5  6  7  8 |
---------------+-------------------------+-----
Axes           | 3 4 6 8 10 12 | 12.5
Fighting       | |  3.6
Armour         | |  3.6
Shields        | |  3.2

Action                     |  1- 3 |  4- 6 |  7- 9 || total
---------------------------+-------+-------+-------++-------
  Melee: War axe           |    62 |    88 |   219 ||   369
    Use: Potion            |       |       |     5 ||     5
         Scroll            |       |       |     7 ||     7
 Armour: Scale mail        |     9 |       |       ||     9
         Plate armour      |    44 |    56 |   146 ||   246
  Dodge: Dodged            |    22 |    20 |    54 ||    96
  Block: Buckler           |    11 |    20 |    42 ||    73

Table legend: (Time is in decaauts)
 A = Elapsed time spent in this place.
 B = Non-inter-level travel time spent in this place.
 C = Inter-level travel time spent in this place.
 D = Time resting spent in this place.
 E = Time spent auto-exploring this place.
 F = Levels seen in this place.
 G = Mean time per level.
                   A        B        C        D        E       F      G
               +--------+--------+--------+--------+--------+-----+--------+
         Total |   7902 |   7685 |    217 |   1837 |   4408 |   7 | 1128.9 |
       Dungeon |   7902 |   7685 |    217 |   1837 |   4408 |   7 | 1128.9 |
               +--------+--------+--------+--------+--------+-----+--------+

Top non-repeatable levels by time:
     D:4: 2097 daAuts
     D:6: 2023 daAuts
     D:5: 1070 daAuts
     D:3: 989 daAuts
     D:2: 896 daAuts
     D:1: 736 daAuts
     D:7: 89 daAuts
